 Dungeon Crawl Stone Soup version 0.23.2-1-ga50397a (webtiles) character file.

Game seed: 7829819612238459180

317 HASTUR3 the Covert (level 6, -2/49 HPs)
             Began as a Naga Enchanter on May 25, 2019.
             Slain by Menkaure (15 damage)
             ... on level 5 of the Dungeon.
             The game lasted 00:17:37 (3881 turns).

HASTUR3 the Covert (Naga Enchanter)                 Turns: 3881, Time: 00:17:38

Health: -2/49      AC:  3    Str: 10    XL:     6   Next: 44%
Magic:  10/10      EV: 15    Int: 17    God:
Gold:   240        SH:  0    Dex: 17    Spells: 2/11 levels left

rFire    + + .     SeeInvis +   e - +0 dagger (speed)
rCold    . . .     Gourm    +   (no shield)
rNeg     . . .     Faith    .   b - +0 robe
rPois    +         Spirit   .   (no helmet)
rElec    +         Reflect  .   (no cloak)
rCorr    +         Harm     .   (no gloves)
MR       .....                  (no barding)
Stlth    +++++.....             f - amulet of the gourmand
HPRegen  0.16/turn              i - ring of fire
MPRegen  0.12/turn              (no ring)

@: agile, about to teleport, short of breath, resistant, hasted, quick
A: large, see invisible, deformed body, poison resistance, slowness 2, slow
metabolism 1, spit poison 1, AC +2
a: Spit Poison


You were on level 5 of the Dungeon.
You were very full.

You visited 1 branch of the dungeon, and saw 5 of its levels.

You collected 240 gold pieces.

Inventory:

Hand Weapons
 e - a +0 dagger of speed (weapon)
Armour
 b - a +0 robe (worn)
 h - a +0 pair of gloves
Jewellery
 f - an amulet of the gourmand (around neck)
 i - a ring of fire (left hand)
 p - an uncursed ring of protection from cold {unknown}
 u - an uncursed ring of fire
Wands
 r - a wand of random effects (12)
 t - a wand of acid (8)
Scrolls
 a - 2 scrolls of fear {unknown}
 g - a scroll of immolation {unknown}
 k - a scroll of blinking {unknown}
 l - a scroll of enchant armour {unknown}
 o - 2 scrolls of teleportation
 q - 2 scrolls of identify
 s - a scroll of remove curse {unknown}
Potions
 c - a potion of heal wounds
 m - a potion of curing
Comestibles
 d - 8 rations


   Skills:
 - Level 2.7 Short Blades
 - Level 1.5 Dodging
 * Level 8.0 Stealth
 - Level 3.0 Spellcasting
 + Level 4.0 Hexes
 + Level 0.1 Ice Magic


You had 2 spell levels left.
You knew the following spells:

 Your Spells              Type           Power        Failure   Level  Hunger
a - Corona                Hex            ###....      3%          1    None
b - Ensorcelled Hibernat  Hex/Ice        #.....       11%         2    ##.....
c - Confuse               Hex            ###.....     10%         3    ###....
d - Tukima's Dance        Hex            ###.....     10%         3    ###....

Your spell library contained the following spells:

 Spells                   Type           Power        Failure   Level  Hunger
 Dazzling Spray           Conj/Hex       #.....       22%         3    ###....


Dungeon Overview and Level Annotations

Branches:
Dungeon (5/15)
 Temple: D:4-7

Altars:
Elyvilon
Ru
Uskayaw
Xom

Annotations:
D:3 1 runed translucent door, Sassenached's ghost, amateur DsGl
D:5 Menkaure


Innate Abilities, Weirdness & Mutations

You cannot wear boots.
Your serpentine skin is tough. (AC +2)
You have supernaturally acute eyesight. (SInv)
Armour fits poorly on your strangely shaped body.
Your system is resistant to poisons. (rPois)
You cover ground very slowly.
You have a slow metabolism.
You can spit poison.


Message History

Menkaure calls on the powers of darkness!
Your body is wracked with pain!
* * * LOW HITPOINT WARNING * * *
You hit Menkaure.
Menkaure is lightly damaged.
You barely miss Menkaure.
Menkaure is lightly damaged.
Menkaure misses you.
You hit Menkaure but do no damage.
Menkaure is lightly damaged.
You barely miss Menkaure.
Menkaure is lightly damaged.
Menkaure barely misses you.
Okay, then.
As you read the scroll labeled WOURHOTADAH, it crumbles to dust.
You feel strangely unstable.
It was a scroll of teleportation.
You hit Menkaure but do no damage.
Menkaure is lightly damaged.
Menkaure hits you!
You die...

####.....#.#.......###
......................
#####.##[# #.......# #
#.##.# #.......#
#####.##.# #.......#
.........# #.......#
......#..# #####..###
#######..# #M...# #
#..# #@##.# #
#..#######.# # #
#...)......# #
#.########## #.# #. #.
#. #.


You could see Menkaure.

Vanquished Creatures
  An ogre (D:5)
  Terence (D:3)
  A worker ant (D:4)
  3 gnolls (D:3)
  8 adders
  An ooze (D:2)
  An adder skeleton (D:4)
  A worm (D:4)
  3 dart slugs
  2 leopard geckos
  3 orcs (D:5)
  6 bats
  3 giant cockroaches (D:3)
  6 goblins
  7 hobgoblins
  7 jackals
  2 quokkas
  A ball python (D:3)
  9 frilled lizards
  A jackal skeleton (D:5)
  2 kobolds
  6 rats
75 creatures vanquished.

Notes
Turn   | Place    | Note
-------+----------+-------------------------------------------
     0 | D:1      | HASTUR3 the Naga Enchanter began the quest for the Orb.
     0 | D:1      | Reached XP level 1. HP: 15/15 MP: 3/3
   381 | D:1      | Reached XP level 2. HP: 22/22 MP: 5/5
   840 | D:1      | Learned a level 2 spell: Ensorcelled Hibernation
  1309 | D:2      | Reached skill level 5 in Stealth
  1309 | D:2      | Reached XP level 3. HP: 14/28 MP: 1/6
  1403 | D:2      | Learned a level 3 spell: Confuse
  1453 | D:2      | Found a faded altar of an unknown god.
  1513 | D:2      | Found a white marble altar of Elyvilon.
  1713 | D:2      | Reached XP level 4. HP: 13/36 MP: 8/8
  1718 | D:2      | Learned a level 3 spell: Tukima's Dance
  2110 | D:3      | Found a runed translucent door.
  2115 | D:3      | Noticed Sassenached's ghost (amateur DsGl)
  2137 | D:3      | Reached skill level 6 in Stealth
  2267 | D:3      | Found a hide-covered altar of Uskayaw.
  2267 | D:3      | Noticed Terence
  2284 | D:3      | Killed Terence
  2284 | D:3      | Reached XP level 5. HP: 42/42 MP: 9/9
  2979 | D:4      | Reached skill level 7 in Stealth
  3057 | D:4      | Found a shimmering altar of Xom.
  3057 | D:4      | Found a sacrificial altar of Ru.
  3581 | D:4      | Reached XP level 6. HP: 28/49 MP: 10/10
  3759 | D:5      | Entered Level 5 of the Dungeon
  3823 | D:5      | Reached skill level 8 in Stealth
  3833 | D:5      | Noticed Menkaure
  3851 | D:5      | Noticed a sky beast
  3881 | D:5      | Slain by Menkaure

Skill      XL: |  1  2  3  4  5  6 |
---------------+-------------------+-----
Stealth        | 5 6 7 8 |  8.0
Spellcasting   | 3 |  3.0
Hexes          | 4 |  4.0
Short Blades   | 2 |  2.7
Dodging        | |  1.5
Ice Magic      | |  0.1

Action                   |  1- 3 |  4- 6 || total
-------------------------+-------+-------++-------
Melee: Dagger            |   103 |   203 ||   306
 Cast: Ensorcelled Hiber |     1 |       ||     1
 Abil: Spit Poison       |    19 |    27 ||    46
  Use: Scroll            |     3 |     2 ||     5
       Potion            |     1 |     6 ||     7
 Stab: Sleeping          |     5 |    10 ||    15
  Eat: Chunk             |     3 |    16 ||    19
Armor: Robe              |    12 |    12 ||    24
Dodge: Dodged            |    38 |    82 ||   120
